 Dungeon Crawl Stone Soup version 0.22-a0-305-gd21a89c (webtiles) character file.

146 tidbits the Covert (level 5, -7/46 HPs)
             Began as a Gnoll Assassin on Mar 29, 2018.
             Mangled by a gnoll shaman
             ... wielding a +0 club
              (11 damage)
             ... on level 3 of the Dungeon.
             The game lasted 00:05:55 (694 turns).

tidbits the Covert (Gnoll Assassin)                  Turns: 694, Time: 00:05:56

Health: -7/46      AC:  4    Str: 14    XL:     5   Next: 28%
Magic:  5/11       EV: 15    Int: 14    God:
Gold:   103        SH:  0    Dex: 16    Spells: 12/12 levels left

rFire    + . .     SeeInvis .   b - +0 short sword (venom)
rCold    + . .     Gourm    .   (no shield)
rNeg     . . .     Faith    .   B - +0 robe
rPois    +         Spirit   .   (no helmet)
rElec    +         Reflect  .   d - +0 cloak
rCorr    +         Harm     .   G - +0 pair of gloves
MR       .....                  (no boots)
Stlth    +++.......             (no amulet)
HPRegen  0.15/turn              m - ring of loudness (curse)
MPRegen  0.12/turn              (no ring)

@: resistant
A: distributed training, fangs 1, strong nose
a: no special abilities


You were on level 3 of the Dungeon.
You were not hungry.

You visited 1 branch of the dungeon, and saw 4 of its levels.

You collected 103 gold pieces.

Inventory:

Hand Weapons
 a - a +2 dagger
 b - a +0 short sword of venom (weapon)
   (You took it off Robin on level 3 of the Dungeon)
 g - a +0 blowgun
 l - a +0 hunting sling
 r - a +0 hunting sling
 s - a +0 short sword
Missiles
 e - 8 poisoned needles
 q - 17 arrows
 t - 16 stones (quivered)
Armour
 d - a +0 cloak (worn)
 u - a cursed +0 helmet
 B - a +0 robe (worn)
 G - a +0 pair of gloves (worn)
Jewellery
 m - a cursed ring of loudness (left hand)
   (You found it on level 2 of the Dungeon)
Wands
 v - a wand of random effects (18)
Scrolls
 h - a scroll of remove curse {unknown}
 j - 2 scrolls of identify
 k - a scroll of fog {unknown}
 n - a scroll of amnesia {unknown}
 p - a scroll of teleportation
Comestibles
 c - 3 rations


   Skills:
 + Level 6.2 Fighting
 + Level 6.2 Short Blades
 + Level 4.0 Long Blades
 + Level 4.0 Axes
 + Level 4.0 Maces & Flails
 + Level 4.0 Polearms
 + Level 4.0 Staves
 + Level 4.0 Slings
 + Level 4.0 Bows
 + Level 4.0 Crossbows
 + Level 6.2 Throwing
 + Level 4.0 Armour
 + Level 4.9 Dodging
 + Level 8.9 Stealth
 + Level 4.0 Shields
 + Level 4.0 Unarmed Combat
 + Level 4.0 Spellcasting
 + Level 3.3 Conjurations
 + Level 3.3 Hexes
 + Level 3.3 Charms
 + Level 3.3 Summonings
 + Level 3.3 Necromancy
 + Level 3.3 Translocations
 + Level 3.3 Transmutations
 + Level 3.3 Fire Magic
 + Level 3.3 Ice Magic
 + Level 3.3 Air Magic
 + Level 3.3 Earth Magic
 + Level 3.3 Poison Magic
 + Level 4.4 Invocations
 + Level 4.0 Evocations


You had 12 spell levels left.
You didn't know any spells.

Dungeon Overview and Level Annotations

Branches:
Dungeon (4/15)
 Temple: D:4-7

Altars:


Innate Abilities, Weirdness & Mutations

Your experience applies equally to all skills.
You have very sharp teeth.
Your uncanny sense of smell can sniff out nearby items.


Message History

Adjust (i)tems, (s)pells, or (a)bilities?
Adjust which item? (? for menu, Esc to quit)
a - a +0 short sword of venom (weapon)
Adjust to which letter? (? for menu, Esc to quit)
b - a +0 short sword of venom (weapon);
a - a short sword Adjust (i)tems, (s)pells, or (a)bilities?
Adjust which item? (? for menu, Esc to quit)
s - a +2 dagger Adjust to which letter? (? for menu, Esc to quit)
a - a +2 dagger;
s - a short sword You feel sick.
You climb downwards.
An adder, 5 gnolls and a gnoll shaman come into view.
Found 12 gold pieces.
There is a stone staircase leading up here.
Unknown command.
The helpless adder fails to defend itself.
You impale the adder!!
You kill the adder!
The gnoll shouts! x2; The gnoll shaman shouts!
The gnoll shouts! x3
Unknown command.
The gnoll moves out of view.
You feel sick. The gnoll shaman hits you with a club.
* * * LOW HITPOINT WARNING * * *
You climb upwards.
There is a stone staircase leading down here.
Unknown command.
Wield which item (- for none, * to show all)? (? for menu, Esc to quit)
Your +0 short sword of venom stops dripping with poison.
g - a +0 blowgun (weapon)
The gnoll hits you with a club.
* * * LOW HITPOINT WARNING * * *
The gnoll shaman calls upon its god to speed up the gnoll.
The gnoll seems to speed up.
Firing (i - inventory. (/) - cycle)
f - a curare-tipped needle (quivered)
Press: ? - help, Shift-Dir - straight line, f - gnoll shaman
Aim: a gnoll shaman, wielding a club and wearing a robe You shoot a curare-tipped needle.
The curare-tipped needle hits the gnoll shaman.
The gnoll shaman is poisoned.
The gnoll shaman convulses.
The gnoll shaman seems to slow down.
The gnoll shaman is heavily wounded.
The gnoll hits you with a club!
* * * LOW HITPOINT WARNING * * *
Wield which item (- for none, * to show all)? (? for menu, Esc to quit)
Your +0 short sword of venom begins to drip with poison!
b - a +0 short sword of venom (weapon)
The gnoll barely misses you. The gnoll shaman misses you.
You hit the gnoll shaman. Your bite misses the gnoll shaman.
The gnoll shaman is heavily wounded.
You feel sick.
You are no longer poisoned.
The gnoll hits you with a club.
* * * LOW HITPOINT WARNING * * *
It was a potion of experience.
You feel more experienced!
Your Fighting skill gained 2 levels and is now at level 6!
Your Short Blades skill gained 2 levels and is now at level 6!
Your Long Blades skill gained 3 levels and is now at level 4!
Your Axes skill gained 3 levels and is now at level 4!
Your Maces & Flails skill gained 3 levels and is now at level 4!
Your Polearms skill gained 3 levels and is now at level 4!
Your Staves skill gained 3 levels and is now at level 4!
Your Slings skill gained 3 levels and is now at level 4!
Your Bows skill gained 3 levels and is now at level 4!
Your Crossbows skill gained 3 levels and is now at level 4!
Your Throwing skill gained 2 levels and is now at level 6!
Your Armour skill gained 3 levels and is now at level 4!
Your Dodging skill gained 2 levels and is now at level 4!
Your Stealth skill increases to level 8!
Your Shields skill gained 3 levels and is now at level 4!
Your Unarmed Combat skill gained 3 levels and is now at level 4!
Your Spellcasting skill gained 3 levels and is now at level 4!
Your Conjurations skill gained 3 levels and is now at level 3!
Your Hexes skill gained 3 levels and is now at level 3!
Your Charms skill gained 3 levels and is now at level 3!
Your Summonings skill gained 3 levels and is now at level 3!
Your Necromancy skill gained 3 levels and is now at level 3!
Your Translocations skill gained 3 levels and is now at level 3!
Your Transmutations skill gained 3 levels and is now at level 3!
Your Fire Magic skill gained 3 levels and is now at level 3!
Your Ice Magic skill gained 3 levels and is now at level 3!
Your Air Magic skill gained 3 levels and is now at level 3!
Your Earth Magic skill gained 3 levels and is now at level 3!
Your Poison Magic skill gained 3 levels and is now at level 3!
Your Invocations skill gained 3 levels and is now at level 4!
Your Evocations skill gained 3 levels and is now at level 4!
You have reached level 5!
The gnoll completely misses you. The gnoll shaman hits you with a club.
* * * LOW HITPOINT WARNING * * *
It was a potion of resistance.
You feel protected. The gnoll hits you with a club.
* * * LOW HITPOINT WARNING * * *
The gnoll closely misses you.
You hit the gnoll shaman.
The gnoll shaman looks as sick as possible!
The gnoll shaman is severely wounded.
The gnoll misses you. The gnoll shaman hits you with a club!
You die...

#.#
#.#.##.##
#.......#
##.g###.#
#. #.# #
#)# # #.#
#.#.##g#
#....g@#
###(.###
##. #. #.
#. .> ##


You could see a gnoll shaman and a gnoll.

Vanquished Creatures
  Robin (D:3)
  2 adders
  2 dart slugs (D:1)
  A leopard gecko (D:1)
  An orc (D:3)
  2 giant cockroaches (D:2)
  11 goblins
  6 hobgoblins
  2 bats (D:2)
  6 kobolds
  4 rats
38 creatures vanquished.

Notes
Turn   | Place    | Note
-------+----------+-------------------------------------------
     0 | D:1      | tidbits the Gnoll Assassin began the quest for the Orb.
     0 | D:1      | Reached XP level 1. HP: 20/20 MP: 1/1
    71 | D:2      | Reached XP level 2. HP: 26/26 MP: 2/2
   394 | D:2      | Reached XP level 3. HP: 24/31 MP: 3/3
   622 | D:3      | Reached skill level 1 in Invocations
   636 | D:3      | Noticed Robin
   665 | D:3      | Killed Robin
   665 | D:3      | Reached skill level 1 in Long Blades
   665 | D:3      | Reached skill level 1 in Axes
   665 | D:3      | Reached skill level 1 in Maces & Flails
   665 | D:3      | Reached skill level 1 in Polearms
   665 | D:3      | Reached skill level 1 in Staves
   665 | D:3      | Reached skill level 1 in Slings
   665 | D:3      | Reached skill level 1 in Bows
   665 | D:3      | Reached skill level 1 in Crossbows
   665 | D:3      | Reached skill level 1 in Armour
   665 | D:3      | Reached skill level 1 in Shields
   665 | D:3      | Reached skill level 1 in Unarmed Combat
   665 | D:3      | Reached skill level 1 in Spellcasting
   665 | D:3      | Reached skill level 1 in Evocations
   665 | D:3      | Reached XP level 4. HP: 26/38 MP: 5/5
   692 | D:3      | Reached skill level 6 in Fighting
   692 | D:3      | Reached skill level 6 in Short Blades
   692 | D:3      | Reached skill level 4 in Long Blades
   692 | D:3      | Reached skill level 4 in Axes
   692 | D:3      | Reached skill level 4 in Maces & Flails
   692 | D:3      | Reached skill level 4 in Polearms
   692 | D:3      | Reached skill level 4 in Staves
   692 | D:3      | Reached skill level 4 in Slings
   692 | D:3      | Reached skill level 4 in Bows
   692 | D:3      | Reached skill level 4 in Crossbows
   692 | D:3      | Reached skill level 6 in Throwing
   692 | D:3      | Reached skill level 4 in Armour
   692 | D:3      | Reached skill level 4 in Dodging
   692 | D:3      | Reached skill level 8 in Stealth
   692 | D:3      | Reached skill level 4 in Shields
   692 | D:3      | Reached skill level 4 in Unarmed Combat
   692 | D:3      | Reached skill level 4 in Spellcasting
   692 | D:3      | Reached skill level 3 in Conjurations
   692 | D:3      | Reached skill level 3 in Hexes
   692 | D:3      | Reached skill level 3 in Charms
   692 | D:3      | Reached skill level 3 in Summonings
   692 | D:3      | Reached skill level 3 in Necromancy
   692 | D:3      | Reached skill level 3 in Translocations
   692 | D:3      | Reached skill level 3 in Transmutations
   692 | D:3      | Reached skill level 3 in Fire Magic
   692 | D:3      | Reached skill level 3 in Ice Magic
   692 | D:3      | Reached skill level 3 in Air Magic
   692 | D:3      | Reached skill level 3 in Earth Magic
   692 | D:3      | Reached skill level 3 in Poison Magic
   692 | D:3      | Reached skill level 4 in Invocations
   692 | D:3      | Reached skill level 4 in Evocations
   692 | D:3      | Reached XP level 5. HP: 9/46 MP: 5/11
   692 | D:3      | HP: 4/46 [gnoll shaman/club (5)]
   694 | D:3      | Mangled by a gnoll shaman

Vault maps used:
D:1:      erik_arrival_cave_to_civilisation, kennysheep_nondescript,
          hangedman_decor_riveting, minmay_tromino_v4_c
D:2:      first_ration, kennysheep_generic_room_12
D:3:      uniq_terence, uniq_robin, uniq_jessica
D:4:      kennysheep_mini, nemelex_xobeh_ov_fountains_minmay, uniq_grinder

Skill      XL: |  1  2  3  4 |
---------------+-------------+-----
Invocations    | 1 4 |  4.4
Long Blades    | 1 4 |  4.0
Axes           | 1 4 |  4.0
Maces & Flails | 1 4 |  4.0
Polearms       | 1 4 |  4.0
Staves         | 1 4 |  4.0
Slings         | 1 4 |  4.0
Bows           | 1 4 |  4.0
Crossbows      | 1 4 |  4.0
Armour         | 1 4 |  4.0
Shields        | 1 4 |  4.0
Unarmed Combat | 1 4 |  4.0
Spellcasting   | 1 4 |  4.0
Evocations     | 1 4 |  4.0
Fighting       | 6 |  6.2
Short Blades   | 6 |  6.2
Throwing       | 6 |  6.2
Dodging        | 4 |  4.9
Stealth        | 8 |  8.9
Conjurations   | 3 |  3.3
Hexes          | 3 |  3.3
Charms         | 3 |  3.3
Summonings     | 3 |  3.3
Necromancy     | 3 |  3.3
Translocations | 3 |  3.3
Transmutations | 3 |  3.3
Fire Magic     | 3 |  3.3
Ice Magic      | 3 |  3.3
Air Magic      | 3 |  3.3
Earth Magic    | 3 |  3.3
Poison Magic   | 3 |  3.3

Action                   |  1- 3 |  4- 6 || total
-------------------------+-------+-------++-------
Melee: Dagger            |    78 |     9 ||    87
       Bite              |     6 |     1 ||     7
       Short sword       |       |     3 ||     3
 Fire: Blowgun           |     3 |     1 ||     4
Throw: Stone             |       |     1 ||     1
  Use: Scroll            |     1 |       ||     1
       Potion            |       |     2 ||     2
 Stab: Sleeping          |    12 |     1 ||    13
Armor: Robe              |    10 |     1 ||    11
Dodge: Dodged            |    37 |     8 ||    45

Table legend:
 A = Spawn XP
 B = Non-spawn XP
 C = Spawn XP percentage of total XP
 D = Spawn monster count
 E = Non-spawn monster count
 F = Spawn count percentage of total count
 G = Total turns spent on level
                    A         B        C        D         E        F      G
               +---------+---------+-------+---------+---------+-------+---------
         Total |       0 |     106 |   0.0 |       0 |      38 |   0.0 |   694
               +---------+---------+-------+---------+---------+-------+---------
           D:1 |       0 |      18 |   0.0 |       0 |       8 |   0.0 |   216
           D:2 |       0 |      29 |   0.0 |       0 |      11 |   0.0 |   352
           D:3 |       0 |      45 |   0.0 |       0 |      18 |   0.0 |   122
           D:4 |       0 |      14 |   0.0 |       0 |       1 |   0.0 |     4
               +---------+---------+-------+---------+---------+-------+---------

Table legend:
 A = Turns spent in this place as a percentage of turns spent in the entire game.
 B = Non-inter-level travel turns spent in this place as a percentage of non-inter-level travel turns spent in the entire game.
 C = Inter-level travel turns spent in this place as a percentage of turns spent in this place.
 D = Turns resting spent in this place as a percentage of non-inter-level travel turns spent in this place.
 E = Turns spent auto-exploring this place as a percentage of non-inter-level travel turns spent in this place.
 F = Non-inter-level travel turns spent in this place divided by the number of levels of this place that you've seen.
                   A       B       C       D       E      F
               +-------+-------+-------+-------+-------+----------------------
         Total | 100.0 | 100.0 |   0.0 |   0.0 |   0.0 | 173.5
       Dungeon | 100.0 | 100.0 |   0.0 |   0.0 |   0.0 | 173.5
               +-------+-------+-------+-------+-------+----------------------

Table legend:
 A = Kills in this place as a percentage of kills in entire the game.
 B = Kills by you in this place as a percentage of kills by you in the entire game.
 C = Kills by friends in this place as a percentage of kills by friends in the entire game.
 D = Other kills in this place as a percentage of other kills in the entire game.
 E = Experience gained in this place as a percentage of experience gained in the entire game.
 F = Experience gained in this place divided by the number of levels of this place that you have seen.
                   A       B       C       D       E      F
               +-------+-------+-------+-------+-------+----------------------
         Total | 100.0 | 100.0 |   N/A |   N/A | 100.0 |  26.5
       Dungeon | 100.0 | 100.0 |   N/A |   N/A | 100.0 |  26.5
               +-------+-------+-------+-------+-------+----------------------

Vault maps used:
D:1:      erik_arrival_cave_to_civilisation, kennysheep_nondescript,
          hangedman_decor_riveting, minmay_tromino_v4_c
D:2:      first_ration, kennysheep_generic_room_12
D:3:      uniq_terence, uniq_robin, uniq_jessica
D:4:      kennysheep_mini, nemelex_xobeh_ov_fountains_minmay, uniq_grinder
